 Dungeon Crawl Stone Soup version 0.31-a0-542-gdc2a67831c (webtiles) character file.

Game seed: 17519558019945118778

110 spiderkeys the Insei (level 4, 0/29 HPs)
             Began as an Octopode Shapeshifter on Aug 14, 2023.
             Succumbed to Crazy Yiuf's poison
             ... on level 2 of the Dungeon.
             The game lasted 00:02:09 (1697 turns).

spiderkeys the Insei (Octopode Shapeshifter)        Turns: 1697, Time: 00:02:09

Health: 0/29       AC:  1    Str: 14    XL:     4   Next: 91%
Magic:  4/4        EV: 14    Int: 10    God:
Gold:   101        SH:  0    Dex: 14    Spells: 3/3 levels left

rFire   . .          .
                       - Unarmed
rCold   . . .        (no shield)
rNeg    . . .        (helmet currently unavailable)
rPois   .            (no amulet)
rElec   .            (no ring)
rCorr   .            (no ring)
SInv    .            (no ring)
Will    .....        (no ring)
Stlth   ++           (no ring)
HPRegen 0.24/turn    (no ring)
MPRegen 0.09/turn    (no ring)
                     (no ring)

%: no passive effects
@: lethally poisoned (0 -> -14), beast-form
A: beast (slay +2), almost no armour, amphibious, 8 rings, camouflage 1,
gelatinous body 1, (nimble swimmer 1), tentacles
a: Begin Untransformation


You were on level 2 of the Dungeon.
You were a hulking beast.
You visited 1 branch of the dungeon, and saw 2 of its levels.

You collected 101 gold pieces.


Innate Abilities, Weirdness & Mutations

You are a hulking beast.
Your limbs bulge with bestial killing power. (Slay +2)
You cannot wear most types of armour.
You are amphibious.
You can wear up to eight rings at the same time.
Your skin changes colour to match your surroundings (Stealth+).
Your rubbery body absorbs attacks. (AC +1, EV +1)
((You are camouflaged when in or above water. (Stealth+)))
You have tentacles for arms and can constrict up to eight enemies at once.


   Skills:
 + Level 2.3 Fighting
 + Level 3.0 Dodging
 + Level 3.7 Unarmed Combat
 + Level 3.5 Shapeshifting


You had 3 spell levels left.
You didn't know any spells.
Your spell library contained the following spells:

 Spells                   Type           Power      Damage    Failure   Level
 Ensorcelled Hibernation  Hex/Ice        0%         N/A       50%         2
 Passwall                 Tmut/Erth      0%         N/A       50%         2
 Swiftness                Air            0%         N/A       75%         3

Inventory:

Missiles
 d - 9 javelins
 e - 32 stones
 g - 4 poisoned darts
 m - 4 boomerangs
Armour
 q - an orb of guile
   (You found it on level 2 of the Dungeon)
Magical Staves
 f - a staff of fire {!a}
   (You found it on level 1 of the Dungeon)
Talismans
 b - a beast talisman (active)
 c - a flux talisman
Scrolls
 h - a scroll of noise {unknown}
 i - 3 scrolls of revelation {unknown}
 k - a scroll of brand weapon {unknown}
 l - a scroll of teleportation {unknown}
 n - a scroll of vulnerability {unknown}
 o - 2 scrolls of identify {unknown}
Potions
 a - a potion of lignification {!q}
 j - a potion of berserk rage {unknown}
 p - a potion of brilliance {unknown}

Dungeon Overview and Level Annotations

Branches:
Dungeon (2/15) Zot: 10308

Altars:
Nemelex Xobeh

Shops:
D:2 (

Annotations:
D:2 Crazy Yiuf

#.##.................#
..............>....###
####...#.#.##.####.# #
#...######## ###
####.### .......#
..#.#####♣♣ ####
..#.##....♣♣ ♣♣#..)#
..#.#......♣♣♣♣.hg..#
.[..#.......♣..♣#...#
..###......♣.♣♣♣ ####
..# ##.##♣♣♣♣♣ ..# #.#
..####.## ..##....#
.......## ...#####


You could see Crazy Yiuf.


Message History

You kill the kobold!
No target in view!
No target in view!
Things that are here:
a +0 short sword; a kobold corpse Key pressed, stopping explore.
Found a runed translucent door.
There is a stone staircase leading up here.
A frilled lizard comes into view.
The frilled lizard hisses angrily.
You hear an angry hiss.
An adder comes into view.
You tentacle-slap the adder. You grab the adder.
You squeeze the adder, but do no damage.
You constrict the adder. The adder bites you. 😕 HP[-2]
You take 2 damage, and now have 27/29 hp.
You barely miss the adder. You squeeze the adder. You constrict the adder.
You kill the adder!
A frilled lizard is nearby!
You barely miss the frilled lizard. Your grab misses the frilled lizard.
You squeeze the frilled lizard.
You kill the frilled lizard!
No target in view!
No target in view!
You see here an orb of guile. 😎 HP[+2]
Your hp is fully restored (29).
p - a murky dark potion You see here a +0 orcbow.
A goblin comes into view. It is wielding a +0 dagger.
You see here an orb of guile.
q - an orb of guile The goblin shouts!
You tentacle-slap the goblin.
You kill the goblin!
No target in view!
No target in view!
Things that are here:
a frilled lizard corpse; an adder corpse Key pressed, stopping explore.
An adder comes into view.
An adder is nearby!
The adder hisses angrily.
The adder bites you. 😕 HP[-4]
You take 4 damage, and now have 25/29 hp.
You tentacle-slap the adder. You grab the adder. You squeeze the adder!
You kill the adder!
Your Dodging skill increases to level 3! 😕 HP[+1] No target in view!
No target in view!
You now have 101 gold pieces (gained 19).
Key pressed, stopping explore.
e - 32 stones (gained 3) Key pressed, stopping explore.
You see here a +0 mace.
There is an open door here.
There is an open door here.
There is an open door here.
Found a stone staircase leading down. 😎 HP[+3]
Your hp is fully restored (29).
A worm comes into view.
A worm is nearby!
You barely miss the worm. You grab the worm. You constrict the worm.
You tentacle-slap the worm. You constrict the worm. The worm barely misses you.
You tentacle-slap the worm. You constrict the worm.
The worm bites you! 😮 HP[-9]
You take 9 damage, and now have 20/29 hp.
MASSIVE DAMAGE!! (PAUSE)
You are too injured to fight recklessly!
You are too injured to fight recklessly!
You are too injured to fight recklessly!
You bludgeon the worm! You constrict the worm.
You kill the worm!
You see here a worm corpse.
Unknown command.
There is a stone staircase leading down here.
Key pressed, stopping explore.
Key pressed, stopping explore. 😎 HP[+9]
Your hp is fully restored (29).
You open the door.
Crazy Yiuf hits you with a +2 quarterstaff of chaos!
There is an open translucent door here. 😮 HP[-12]
You take 12 damage, and now have 17/29 hp.
MASSIVE DAMAGE!! (PAUSE)
You tentacle-slap Crazy Yiuf. You grab Crazy Yiuf.
You constrict Crazy Yiuf, but do no damage.
Crazy Yiuf hits you with a +2 quarterstaff of chaos!
* * * LOW HITPOINT WARNING * * *
You are lethally poisoned! 😱 HP[-14]
You take 14 damage, and now have 3/29 hp.
MASSIVE DAMAGE!! (PAUSE)
You tentacle-slap Crazy Yiuf.
You constrict Crazy Yiuf, but do no damage.
You die...

Skill      XL: |  1  2  3  4 |
---------------+-------------+-----
Fighting       | 2 |  2.3
Dodging        | 3 |  3.0
Unarmed Combat | |  3.7
Shapeshifting  | |  3.5

Action                     |  1- 3 |  4- 6 || total
---------------------------+-------+-------++-------
  Melee: Unarmed           |    68 |    17 ||    85
         Tentacles         |    17 |     4 ||    21
         Constrict         |    19 |     6 ||    25
         Punch             |       |     1 ||     1
   Stab: Sleeping          |     8 |     1 ||     9
 Armour: Skin              |     6 |       ||     6
  Dodge: Dodged            |    39 |     5 ||    44

Levels and vault maps discovered:
D:1:      dpeg_arrival_castle, layout_loops_ring
D:2:      layout_basic, basic_altar, serial_shops, shop, interstate_on_off,
          minivault_14, uniq_crazy_yiuf_cottage

Notes
Turn   | Place    | Note
-------+----------+-------------------------------------------
     0 | D:1      | spiderkeys the Octopode Shapeshifter began the quest for
                  | the Orb.
     0 | D:1      | Reached XP level 1. HP: 13/13 MP: 1/1
     0 | D:1      | magus.rc [v1.11.6]
   178 | D:1      | Reached XP level 2. HP: 9/18 MP: 2/2
   555 | D:1      | Reached XP level 3. HP: 21/23 MP: 3/3
   727 | D:1      | You add the spells Passwall, Ensorcelled Hibernation and
                  | Swiftness to your library.
   923 | D:2      | Found Igowkyin's Weapon Emporium.
  1144 | D:2      | Reached skill level 2 in Fighting
  1144 | D:2      | Reached XP level 4. HP: 29/29 MP: 4/4
  1182 | D:2      | Found a sparkling altar of Nemelex Xobeh.
  1228 | D:2      | Found a runed translucent door.
  1229 | D:2      | Noticed Crazy Yiuf
  1412 | D:2      | Reached skill level 3 in Dodging
  1696 | D:2      | HP: 3/29 [Crazy Yiuf/+2 quarterstaff of chaos (14)]
  1697 | D:2      | Succumbed to Crazy Yiuf's poison

Vanquished Creatures
  3 gnolls (D:2)
  3 adders (D:2)
  A worm (D:2)
  3 dart slugs (D:1)
  An orc (D:2)
  4 endoplasms
  2 giant cockroaches
  4 goblins
  7 hobgoblins
  2 kobolds
  A quokka (D:2)
  3 ball pythons
  4 bats
  5 frilled lizards
  4 rats
47 creatures vanquished.

Table legend:
 A = Non-vault XP
 B = Vault XP
 C = Vault XP percentage of total XP
 D = Non-vault monster count
 E = Vault monster count
 F = Vault count percentage of total count
                 A         B        C        D         E       F
            +---------+---------+-------+---------+---------+-------
      Total |     158 |       0 |   0.0 |      47 |       0 |   0.0
            +---------+---------+-------+---------+---------+-------
        D:1 |      39 |       0 |   0.0 |      20 |       0 |   0.0
        D:2 |     119 |       0 |   0.0 |      27 |       0 |   0.0
            +---------+---------+-------+---------+---------+-------

Skill      XL: |  1  2  3  4 |
---------------+-------------+-----
Fighting       | 2 |  2.3
Dodging        | 3 |  3.0
Unarmed Combat | |  3.7
Shapeshifting  | |  3.5

Action                     |  1- 3 |  4- 6 || total
---------------------------+-------+-------++-------
  Melee: Unarmed           |    68 |    17 ||    85
         Tentacles         |    17 |     4 ||    21
         Constrict         |    19 |     6 ||    25
         Punch             |       |     1 ||     1
   Stab: Sleeping          |     8 |     1 ||     9
 Armour: Skin              |     6 |       ||     6
  Dodge: Dodged            |    39 |     5 ||    44

Illustrated notes

Table legend:
 A = Kills in this place as a percentage of kills in the entire game.
 B = Kills by you in this place as a percentage of kills by you in the entire game.
 C = Kills by friends in this place as a percentage of kills by friends in the entire game.
 D = Other kills in this place as a percentage of other kills in the entire game.
 E = Experience gained in this place as a percentage of experience gained in the entire game.
 F = Experience gained in this place divided by the number of levels of this place that you have seen.
                   A       B       C       D       E      F
               +-------+-------+-------+-------+-------+----------------------
         Total | 100.0 | 100.0 |   N/A |   N/A | 100.0 |  79.0
       Dungeon | 100.0 | 100.0 |   N/A |   N/A | 100.0 |  79.0
               +-------+-------+-------+-------+-------+----------------------

Table legend: (Time is in decaauts)
 A = Elapsed time spent in this place.
 B = Non-inter-level travel time spent in this place.
 C = Inter-level travel time spent in this place.
 D = Time resting spent in this place.
 E = Time spent auto-exploring this place.
 F = Levels seen in this place.
 G = Mean time per level.
                   A        B        C        D        E       F      G
               +--------+--------+--------+--------+--------+-----+--------+
         Total |   1691 |   1635 |     56 |      0 |   1367 |   2 |  845.5 |
       Dungeon |   1691 |   1635 |     56 |      0 |   1367 |   2 |  845.5 |
               +--------+--------+--------+--------+--------+-----+--------+

Top non-repeatable levels by time:
     D:2: 889 daAuts
     D:1: 802 daAuts
